Map: Ephemeron LE

Players

Thessalia

  • Race: Protoss Protoss
  • Spawn Location: 11:00

Makanoft - Winner!

  • Race: Zerg Zerg
  • League: Platinum
  • Spawn Location: 5:00

VOD

Have the link to the VOD?

Description

Time

  • Played on: Aug. 28, 2019, 2:28 a.m.
  • Length: 9:31
Show
View Real Time Build Order
Export as new Build Order

Thessalia Protoss 

Build Orders: 1 Gate Expand 

Get SALT Encoding   

  12  0:02  Probe  
  13  0:14  Probe  
  13  0:18  Pylon  
  14  0:26  Probe  
  15  0:38  Probe  
  15  0:40  Gateway  
  16  0:46  Probe, Assimilator  
  16  0:54  Probe  
  18  1:04  Probe  
  19  1:17  Probe  
  20  1:28  Nexus  
  20  1:40  Cybernetics Core  
  20  1:43  Probe  
  21  1:52  Pylon  
  21  1:55  Probe  
  22  2:03  Assimilator  
  22  2:07  Warp Gate, Probe  
  23  2:16  Adept  
  23  2:19  Probe  
  26  2:31  Probe  
  27  2:41  Gateway  
  27  2:47  Probe x2, Robotics Facility  
  29  2:53  Adept  
  31  2:59  Probe x2  
  33  3:12  Shield Battery  
  33  3:13  Probe  
  33  3:15  Probe  
  35  3:23  Adept  
  35  3:25  Probe  
  38  3:27  Probe  
  38  3:31  Stalker  
  41  3:34  Observer  
  41  3:37  Probe  
  41  3:39  Probe  
  44  3:47  Assimilator  
  44  3:49  Probe, Assimilator  
  44  3:51  Probe  
  44  3:55  Pylon  
  46  3:56  Pylon  
  46  4:12  Twilight Council  
  46  4:13  Probe x2  
  48  4:25  Probe x2  
  48  4:29  Adept  
  48  4:30  Adept  
  54  4:37  Probe x2  
  54  4:38  Warp Prism  
  58  4:41  Gateway  
  58  4:43  Gateway  
  58  4:53  Charge  
  58  4:58  Probe x2  
  56  5:09  Adept x2  
  56  5:10  Probe  
  61  5:15  Probe  
  62  5:26  Pylon  
  62  5:27  Pylon  
  62  5:43  Nexus  
  62  5:44  Immortal, Pylon, Probe x2  
  62  5:48  Adept x2  
  62  5:49  Adept x2  
  76  5:56  Probe x2  
  78  6:08  Probe x2  
  78  6:10  Adept  
  78  6:11  Adept x2  
  86  6:21  Pylon  
  86  6:24  Pylon  
  86  6:39  Probe x2  
  82  6:51  Probe x2  
  82  6:52  Immortal  
  82  6:53  Forge  
  87  6:54  Forge  
  87  6:59  Zealot x4  
  95  7:03  Probe x2  
  95  7:07  Pylon x2  
  97  7:09  Pylon  
  97  7:11  Pylon  
  97  7:15  Probe x2  
  93  7:16  Blink  
  93  7:17  Protoss Ground Weapons Level 1  
  93  7:19  Protoss Ground Armor Level 1  
  91  7:24  Gateway  
  91  7:26  Gateway  
  91  7:27  Probe x2  
  91  7:29  Gateway  
  93  7:31  Gateway  
  93  7:39  Probe x2  
  95  7:48  Assimilator  
  95  7:51  Probe, Assimilator  
  95  7:52  Probe  
  95  7:53  Probe  
  96  8:16  Stalker x4  
  96  8:20  Nexus  
  96  8:23  Pylon  
  96  8:25  Immortal  
  96  8:26  Pylon  
  84  8:27  Pylon  
  80  8:37  Stalker x4  
  81  8:56  Stalker  
  81  8:57  Stalker x3  
  77  9:14  Zealot  
Show
View Real Time Build Order
Export as new Build Order

Makanoft Zerg - Winner!

Build Orders: Hatch First 

Get SALT Encoding   

  12  0:01  Drone  
  13  0:14  Drone  
  14  0:18  Extractor  
  14  0:20  Drone  
  15  0:23  Overlord  
  15  0:42  Drone  
  16  0:43  Drone  
  16  0:48  Drone  
  18  1:03  Hatchery  
  17  1:05  Drone  
  18  1:15  Extractor  
  18  1:17  Spawning Pool  
  16  1:22  Drone  
  16  1:23  Drone  
  18  1:30  Drone  
  19  1:42  Overlord  
  19  1:51  Drone  
  20  2:02  Drone  
  20  2:04  Queen  
  23  2:14  Zergling x2  
  23  2:15  Queen  
  26  2:16  Zergling x2  
  27  2:23  Metabolic Boost  
  27  2:27  Drone x2  
  29  2:36  Drone  
  30  2:46  Drone x2  
  30  2:51  Queen x2  
  34  2:54  Overlord  
  35  3:15  Drone x3  
  35  3:16  Drone  
  39  3:21  Hatchery  
  39  3:26  Drone x3  
  41  3:39  Drone x2  
  41  3:40  Overlord x2  
  43  3:54  Spore Crawler  
  42  3:56  Spore Crawler, Drone  
  42  3:57  Drone  
  43  4:05  Zergling x4  
  43  4:06  Zergling x2  
  43  4:07  Drone x3  
  49  4:16  Drone x2  
  51  4:20  Queen x2  
  55  4:29  Roach Warren  
  55  4:30  Evolution Chamber  
  53  4:32  Drone x2  
  55  4:48  Zergling x4  
  55  4:51  Zergling x4  
  55  4:52  Drone, Zergling x4  
  61  4:53  Drone x2  
  61  4:58  Zerg Missile Weapons Level 1  
  61  4:59  Overlord  
  61  5:14  Drone x4  
  61  5:18  Roach x4  
  73  5:22  Lair  
  73  5:32  Extractor  
  73  5:34  Extractor  
  71  5:36  Drone x3, Spine Crawler x2  
  71  5:37  Overlord x3, Drone  
  73  6:07  Overlord x3  
  73  6:08  Roach x6  
  85  6:16  Hatchery  
  83  6:28  Roach x2  
  83  6:29  Roach x4  
  90  6:40  Roach x2  
  90  6:41  Roach x4  
  90  6:45  Overseer  
  102  6:47  Glial Reconstitution  
  102  6:55  Drone x5  
  107  7:09  Roach x3  
  114  7:15  Ravager  
  114  7:16  Ravager x2  
  114  7:18  Drone x3  
  119  7:24  Extractor  
  119  7:25  Extractor  
  117  7:46  Drone x2  
  117  7:50  Roach x3  
  117  7:51  Roach  
  127  7:52  Overlord x4  
  127  8:00  Spire  
  126  8:06  Baneling Nest  
  126  8:11  Zergling x4  
  126  8:12  Zergling x16  
  135  8:13  Zergling x2  
  132  8:24  Roach  
  132  8:25  Roach x4  
  135  8:37  Ravager x2  
  135  8:39  Zergling x4  
  135  8:40  Zergling x14  
  146  8:55  Drone x5  
  146  8:56  Drone  
Tags
 
Add a new tag
Caveats
  • Supply blocks, unpowered buildings, or Contaminate may cause inaccurate times.
  • Supply counts are checked every 10 seconds.